 Dungeon Crawl Stone Soup version 0.28.0-1-gb440e238dd (webtiles) character file.

Game seed: 18394910233312259088

42 Conn the Firebug (level 3, -3/21 HPs)
             Began as an Octopode Fire Elementalist on Feb 20, 2022.
             Slain by Terence (12 damage)
             ... on level 2 of the Dungeon.
             The game lasted 00:02:23 (1805 turns).

Conn the Firebug (Octopode Fire Elementalist)       Turns: 1805, Time: 00:02:23

Health: -3/21      AC:  1    Str:  7    XL:     3   Next: 56%
Magic:  1/7        EV: 13    Int: 19    God:
Gold:   24         SH:  0    Dex: 12    Spells: 6/7 levels left

rFire   + . .      SeeInvis .   c - +0 dagger
rCold   x . .      Faith    .   (no shield)
rNeg    . . .      Spirit   .   (helmet restricted)
rPois   .          Reflect  .   (no amulet)
rElec   .          Harm     .   e - ring of fire
rCorr   .          Rampage  .   (no ring)
Will    .....                   (no ring)
Stlth   +++.......              (no ring)
HPRegen 0.07/turn               (no ring)
MPRegen 0.10/turn               (no ring)
                                (no ring)
                                (no ring)

@: no status effects
A: almost no armour, amphibious, 8 rings, camouflage 1, gelatinous body 1,
(nimble swimmer 1), tentacles
a: no special abilities


You were on level 2 of the Dungeon.
You visited 1 branch of the dungeon, and saw 2 of its levels.

You collected 24 gold pieces.

Inventory:

Hand Weapons
 c - a +0 dagger (weapon)
Missiles
 a - 5 poisoned darts
Jewellery
 e - a ring of fire (left tentacle)
Scrolls
 b - a scroll of brand weapon {unknown}
Potions
 d - a potion of experience {unknown}
 f - a potion of heal wounds {unknown}


   Skills:
 + Level 2.1 Dodging
 + Level 2.7 Stealth
 + Level 2.6 Spellcasting
 + Level 1.2 Conjurations
 + Level 3.7 Fire Magic


You had 6 spell levels left.
You knew the following spells:

 Your Spells              Type           Power      Damage    Failure   Level
a - Foxfire               Conj/Fire      72%        2x1d7     5%          1

Your spell library contained the following spells:

 Spells                   Type           Power      Damage    Failure   Level
 Scorch                   Fire           50%        2d8       4%          2
 Pain                     Necr           8%         1d4       16%         1
 Conjure Flame            Conj/Fire      18%        6-21      17%         3
 Inner Flame              Hex/Fire       14%        N/A       22%         3
 Flame Wave               Conj/Fire      18%        2d6       50%         4
 Agony                    Necr           2%         N/A       99%         5
 Excruciating Wounds      Necr           1%         N/A       99%         5


Dungeon Overview and Level Annotations

Branches:
Dungeon (2/15)

Altars:

Annotations:
D:2 Terence


Innate Abilities, Weirdness & Mutations

You cannot wear most types of armour.
You are amphibious.
You can wear up to eight rings at the same time.
Your skin changes colour to match your surroundings (Stealth+).
Your rubbery body absorbs attacks. (AC +1, EV +1)
((You are camouflaged when in or above water. (Stealth+)))
You have tentacles for arms and can constrict up to eight enemies at once.


Message History

Unknown command.
The ball python bites you. The ball python grabs you.
The ball python constricts you.
You escape the ball python's grasp.
Your magical contamination has completely faded away.
Casting: Foxfire (safe; 6% risk of failure)
Confirm with . or Enter, or press ? or * to list all spells.
You feel a surge of power!
You conjure some foxfire!
The ball python misses you. The ball python grabs you.
The ball python constricts you.
Unknown command.
You escape the ball python's grasp.
The foxfire hits the ball python.
You kill the ball python!
Casting: Foxfire (safe; 5% risk of failure)
Confirm with . or Enter, or press ? or * to list all spells.
You feel a surge of power!
You miscast Foxfire.
You are very lightly contaminated with residual magic.
Nothing appears to happen.
The foxfire hits Terence but does no damage.
Terence is heavily wounded.
Casting: Foxfire (safe; 5% risk of failure)
Confirm with . or Enter, or press ? or * to list all spells.
You feel a surge of power!
You conjure some foxfire!
Unknown command.
Casting: Foxfire (safe; 5% risk of failure)
Confirm with . or Enter, or press ? or * to list all spells.
You feel a surge of power!
You conjure some foxfire!
The foxfire hits Terence but does no damage.
Terence is heavily wounded.
The foxfire hits Terence but does no damage.
Terence is heavily wounded.
The foxfire hits Terence but does no damage.
Terence is heavily wounded.
The foxfire hits Terence.
Terence is severely wounded.
You see here a ball python corpse.
Your magical contamination has completely faded away.
Terence hits you from afar with a +1 trident of protection!
Ouch! That really hurt!
You die...

#. #.# #.# #.# #.#
#.#
..#####.#########
..........†.@.@..#
..........#######.#
.......?..# #.#
.........# #$#
#.......# #.#
###.......#######.#
...........@....#.#
#.......#####.#.#
#.......# #...#


You could see Terence.

Vanquished Creatures
  4 orcs (D:2)
  6 ball pythons
  6 endoplasms
  2 giant cockroaches (D:1)
  4 goblins (D:1)
  4 hobgoblins
  4 jackals (D:2)
  A kobold (D:2)
  A bat (D:1)
32 creatures vanquished.

Vanquished Creatures (collateral kills)
  2 foxfires (D:1)
2 creatures vanquished.

Vanquished Creatures (others)
  83 foxfires
83 creatures vanquished.

Grand Total: 117 creatures vanquished

Notes
Turn   | Place    | Note
-------+----------+-------------------------------------------
     0 | D:1      | Conn the Octopode Fire Elementalist began the quest for the
                  | Orb.
     0 | D:1      | Reached XP level 1. HP: 11/11 MP: 3/3
   232 | D:1      | Reached XP level 2. HP: 17/17 MP: 3/5
   630 | D:1      | Found a faded altar of an unknown god.
  1230 | D:2      | Reached XP level 3. HP: 21/21 MP: 2/6
  1303 | D:2      | Noticed Terence
  1805 | D:2      | Slain by Terence

Illustrated notes

Levels and vault maps discovered:
D:1:      kennysheep_arrival_forest, layout_basic,
          shapermc_ecumenical_altar_pompeii, hangedman_decor_points,
          dk_noncrumbling_2, minmay_hedge_maze
D:2:      layout_basic, serial_shops, shop, uniq_natasha, uniq_terence,
          uniq_crazy_yiuf_cottage

Action                   || total
-------------------------++-------
Melee: Tentacles         ||     9
       Unarmed           ||     1
       Dagger            ||    34
       Constrict         ||     5
 Cast: Foxfire           ||    47
 Stab: Sleeping          ||     2
Armor: Skin              ||     2
Dodge: Dodged            ||    29
